% Time on Ice - SPOKANE KNIGHTS
Lines # - Real PCT - Wanted PCT - Time Play
Normal Forward
1 - 31% - 35% - 18:33
2 - 32% - 35% - 19:02
3 - 23% - 20% - 13:44
4 - 14% - 10% - 8:35
Normal Defense
1 - 22% - 30% - 13:20
2 - 34% - 30% - 20:29
3 - 30% - 20% - 17:43
4 - 14% - 20% - 8:22
PP Forward
1 - 0% - 60%
2 - 0% - 40%
PP Defense
1 - 0% - 60%
2 - 0% - 40%
PK Forward
1 - 0% - 50%
2 - 0% - 50%
PK Defense
1 - 0% - 60%
2 - 0% - 40%
PK3 Forward
1 - 0% - 60%
2 - 0% - 40%
PK3 Defense
1 - 0% - 60%
2 - 0% - 40%
44 Forward
1 - 0% - 50%
2 - 0% - 50%
44 Defense
1 - 0% - 60%
2 - 0% - 40%
Last Minute Offensive  - 0:06
Last Minute Defensive  - 0:00
Total
Forward - 60:00
Defense - 60:00
% Time on Ice - ANAHEIM OUTLAWS
Lines # - Real PCT - Wanted PCT - Time Play
Normal Forward
1 - 34% - 36% - 20:06
2 - 34% - 31% - 20:18
3 - 24% - 23% - 14:41
4 - 8% - 10% - 4:55
Normal Defense
1 - 34% - 36% - 20:07
2 - 34% - 31% - 20:27
3 - 25% - 23% - 15:14
4 - 7% - 10% - 4:12
PP Forward
1 - 0% - 55%
2 - 0% - 45%
PP Defense
1 - 0% - 55%
2 - 0% - 45%
PK Forward
1 - 0% - 55%
2 - 0% - 45%
PK Defense
1 - 0% - 55%
2 - 0% - 45%
PK3 Forward
1 - 0% - 55%
2 - 0% - 45%
PK3 Defense
1 - 0% - 55%
2 - 0% - 45%
44 Forward
1 - 0% - 55%
2 - 0% - 45%
44 Defense
1 - 0% - 55%
2 - 0% - 45%
Last Minute Offensive  - 0:00
Last Minute Defensive  - 0:00
Total
Forward - 60:00
Defense - 60:00
Play-by-Play 1st period 0:01 of 1st period - Evgeny Kuznetsov wins face-off versus Patrice Bergeron in neutral zone. 0:14 of 1st period - Shot by Evgeny Kuznetsov. 0:14 of 1st period - Shot Misses the Net. 0:21 of 1st period - Shot by Jeff Skinner. 0:21 of 1st period - Shot Blocked by Evan Bouchard. 0:23 of 1st period - Shot by Kevin Fiala. 0:23 of 1st period - Stopped by Frederik Andersen with a rebound. 0:35 of 1st period - Shot by Brady Tkachuk. 0:35 of 1st period - Shot Blocked by Jacob Trouba. 1:06 of 1st period - Icing by Noah Hanifin. 1:07 of 1st period - Adrian Kempe wins face-off versus Anthony Cirelli in ANAHEIM OUTLAWS zone. 1:14 of 1st period - Shot by Adrian Kempe. 1:14 of 1st period - Shot Blocked by Tyler Motte. 2:16 of 1st period - Shot by Corey Perry. 2:16 of 1st period - Goal by Corey Perry - SPOKANE KNIGHTS : 1 - ANAHEIM OUTLAWS : 0. 2:17 of 1st period - Pius Suter wins face-off versus Quinton Byfield in neutral zone. 2:34 of 1st period - Shot by Pius Suter. 2:34 of 1st period - Shot Misses the Net. 2:42 of 1st period - Shot by Jack Quinn. 2:42 of 1st period - Shot Misses the Net. 3:23 of 1st period - Shot by Corey Perry. 3:23 of 1st period - Stopped by Jacob Markstrom without a rebound. 3:24 of 1st period - Patrice Bergeron wins face-off versus Evgeny Kuznetsov in ANAHEIM OUTLAWS zone. 3:38 of 1st period - Icing by Jacob Trouba. 3:39 of 1st period - Evgeny Kuznetsov wins face-off versus Anthony Cirelli in ANAHEIM OUTLAWS zone. 3:57 of 1st period - Evgeny Kuznetsov is hit by Jonathon Merrill and loses puck. 5:30 of 1st period - Icing by Henri Jokiharju. 5:31 of 1st period - Quinton Byfield wins face-off versus Adrian Kempe in ANAHEIM OUTLAWS zone. 5:32 of 1st period - Shot by Rasmus Kupari. 5:32 of 1st period - Shot Misses the Net. 5:34 of 1st period - Shot by Quinton Byfield. 5:34 of 1st period - Goal by Quinton Byfield - SPOKANE KNIGHTS : 2 - ANAHEIM OUTLAWS : 0. 5:35 of 1st period - Anthony Cirelli wins face-off versus Pius Suter in neutral zone. 6:14 of 1st period - Derek Grant is hit by Kent Johnson and loses puck. 6:22 of 1st period - Icing by Evan Bouchard. 6:23 of 1st period - Anthony Cirelli wins face-off versus Carter Verhaeghe in SPOKANE KNIGHTS zone. 6:23 of 1st period - Anthony Cirelli is hit by Michael Bunting. 6:43 of 1st period - Shot by Adrian Kempe. 6:43 of 1st period - Shot Misses the Net. 6:45 of 1st period - Shot by Carter Verhaeghe. 6:45 of 1st period - Goal by Carter Verhaeghe - SPOKANE KNIGHTS : 2 - ANAHEIM OUTLAWS : 1. 6:46 of 1st period - Patrice Bergeron wins face-off versus Evgeny Kuznetsov in neutral zone. 7:51 of 1st period - Icing by Tucker Poolman. 7:52 of 1st period - Nicklas Backstrom wins face-off versus Jack Quinn in SPOKANE KNIGHTS zone. 7:52 of 1st period - Nicklas Backstrom is hit by Jack Quinn. 8:46 of 1st period - Icing by Rasmus Ristolainen. 8:47 of 1st period - Pius Suter wins face-off versus Anthony Cirelli in ANAHEIM OUTLAWS zone. 8:49 of 1st period - Jack Quinn is hit by Tyler Motte and loses puck. 11:39 of 1st period - Icing by Evan Bouchard. 11:40 of 1st period - Evgeny Kuznetsov wins face-off versus Anthony Cirelli in SPOKANE KNIGHTS zone. 11:57 of 1st period - Off-side. 11:58 of 1st period - Evgeny Kuznetsov wins face-off versus Nicklas Backstrom in neutral zone. 13:02 of 1st period - Icing by Pius Suter. 13:03 of 1st period - Anthony Cirelli wins face-off versus Pius Suter in ANAHEIM OUTLAWS zone. 13:09 of 1st period - Anthony Cirelli is hit by Rasmus Ristolainen and loses puck. 13:12 of 1st period - Shot by Derek Grant. 13:12 of 1st period - Shot Misses the Net. 13:14 of 1st period - Shot by Derek Grant. 13:14 of 1st period - Stopped by Jacob Markstrom without a rebound. 13:15 of 1st period - Adrian Kempe wins face-off versus Patrice Bergeron in ANAHEIM OUTLAWS zone. 13:27 of 1st period - Carter Verhaeghe is hit by Nathan Beaulieu and loses puck. 14:05 of 1st period - Icing by Patrice Bergeron. 14:06 of 1st period - Patrice Bergeron wins face-off versus Evgeny Kuznetsov in SPOKANE KNIGHTS zone. 14:06 of 1st period - Patrice Bergeron is hit by Evgeny Kuznetsov. 14:35 of 1st period - Off-side. 14:36 of 1st period - Pius Suter wins face-off versus Anthony Cirelli in neutral zone. 14:51 of 1st period - Shot by Kent Johnson. 14:51 of 1st period - Shot Misses the Net. 14:57 of 1st period - Shot by Anthony Cirelli. 14:57 of 1st period - Deflect By Derek Grant. 14:57 of 1st period - Stopped by Jacob Markstrom with a rebound. 15:15 of 1st period - Shot by Tyler Motte. 15:15 of 1st period - Deflect By Derek Grant. 15:15 of 1st period - Stopped by Jacob Markstrom without a rebound. 15:16 of 1st period - Evgeny Kuznetsov wins face-off versus Quinton Byfield in ANAHEIM OUTLAWS zone. 15:32 of 1st period - Shot by Rasmus Kupari. 15:32 of 1st period - Shot Blocked by Jeff Skinner. 15:38 of 1st period - Shot by Evgeny Kuznetsov. 15:38 of 1st period - Stopped by Frederik Andersen without a rebound. 15:39 of 1st period - Nicklas Backstrom wins face-off versus Adrian Kempe in SPOKANE KNIGHTS zone. 15:50 of 1st period - Shot by Michael Bunting. 15:50 of 1st period - Stopped by Frederik Andersen with a rebound. 15:52 of 1st period - Shot by Noah Hanifin. 15:52 of 1st period - Stopped by Frederik Andersen without a rebound. 15:53 of 1st period - Patrice Bergeron wins face-off versus Evgeny Kuznetsov in SPOKANE KNIGHTS zone. 16:16 of 1st period - Off-side. 16:17 of 1st period - Anthony Cirelli wins face-off versus Adrian Kempe in neutral zone. 16:45 of 1st period - Icing by Noah Hanifin. 16:46 of 1st period - Patrice Bergeron wins face-off versus Adrian Kempe in ANAHEIM OUTLAWS zone. 16:57 of 1st period - Shot by Zach Parise. 16:57 of 1st period - Shot Misses the Net. 17:29 of 1st period - Shot by Zach Parise. 17:29 of 1st period - Stopped by Jacob Markstrom without a rebound. 17:30 of 1st period - Evgeny Kuznetsov wins face-off versus Anthony Cirelli in ANAHEIM OUTLAWS zone. 17:46 of 1st period - Shot by Tyler Motte. 17:46 of 1st period - Stopped by Jacob Markstrom with a rebound. 18:51 of 1st period - Shot by Pius Suter. 18:51 of 1st period - Deflect By Jack Quinn. 18:51 of 1st period - Stopped by Frederik Andersen without a rebound. 18:52 of 1st period - Quinton Byfield wins face-off versus Adrian Kempe in SPOKANE KNIGHTS zone. 18:57 of 1st period - Shot by Quinton Byfield. 18:57 of 1st period - Shot Blocked by Noah Hanifin. 19:33 of 1st period - Shot by Adrian Kempe. 19:33 of 1st period - Stopped by Frederik Andersen without a rebound. 19:34 of 1st period - Pius Suter wins face-off versus Anthony Cirelli in SPOKANE KNIGHTS zone. Goals for this period are 2 for SPOKANE KNIGHTS vs 1 for ANAHEIM OUTLAWS. Shots for this period are 8 for SPOKANE KNIGHTS vs 7 for ANAHEIM OUTLAWS. 2nd period 0:01 of 2nd period - Evgeny Kuznetsov wins face-off versus Anthony Cirelli in neutral zone. 0:13 of 2nd period - Evgeny Kuznetsov is hit by Jonathon Merrill and loses puck. 1:32 of 2nd period - Shot by Patrice Bergeron. 1:32 of 2nd period - Shot Misses the Net. 1:34 of 2nd period - Shot by Zach Parise. 1:34 of 2nd period - Shot Misses the Net. 1:53 of 2nd period - Shane Pinto is hit by Noah Hanifin and loses puck. 2:11 of 2nd period - Icing by Adrian Kempe. 2:12 of 2nd period - Adrian Kempe wins face-off versus Quinton Byfield in ANAHEIM OUTLAWS zone. 2:24 of 2nd period - Icing by Evan Bouchard. 2:25 of 2nd period - Evgeny Kuznetsov wins face-off versus Quinton Byfield in SPOKANE KNIGHTS zone. 2:40 of 2nd period - Shot by Rasmus Kupari. 2:40 of 2nd period - Shot Misses the Net. 2:42 of 2nd period - Shot by Evan Bouchard. 2:42 of 2nd period - Shot Blocked by Jacob Trouba. 2:44 of 2nd period - Shot by Jonathon Merrill. 2:44 of 2nd period - Shot Blocked by Jacob Trouba. 2:46 of 2nd period - Shot by Rasmus Kupari. 2:46 of 2nd period - Stopped by Jacob Markstrom without a rebound. 2:47 of 2nd period - Patrice Bergeron wins face-off versus Pius Suter in ANAHEIM OUTLAWS zone. 3:45 of 2nd period - Shot by Jeff Skinner. 3:45 of 2nd period - Goal by Jeff Skinner - SPOKANE KNIGHTS : 2 - ANAHEIM OUTLAWS : 2. 3:46 of 2nd period - Evgeny Kuznetsov wins face-off versus Anthony Cirelli in neutral zone. 4:15 of 2nd period - Shot by Derek Grant. 4:15 of 2nd period - Stopped by Jacob Markstrom without a rebound. 4:16 of 2nd period - Adrian Kempe wins face-off versus Nicklas Backstrom in ANAHEIM OUTLAWS zone. 4:16 of 2nd period - Adrian Kempe is hit by Nicklas Backstrom. 4:52 of 2nd period - Shot by Nicklas Backstrom. 4:52 of 2nd period - Shot Misses the Net. 5:39 of 2nd period - Shot by Jeff Skinner. 5:39 of 2nd period - Shot Misses the Net. 7:33 of 2nd period - Shot by Shane Pinto. 7:33 of 2nd period - Shot Misses the Net. 8:34 of 2nd period - Shot by Evgeny Kuzn